 Dungeon Crawl Stone Soup version 0.30-a0-272-gf98c3da03f (webtiles) character file.

Game seed: 5141255424460454214

67 koil the Sneak (level 3, -2/16 HPs)
             Began as a Spriggan Enchanter on Oct 15, 2022.
             Killed from afar by wellesgreysong's ghost (10 damage)
             ... with a magic dart
             ... on level 3 of the Dungeon.
             The game lasted 00:04:22 (2137 turns).

koil the Sneak (Spriggan Enchanter)                 Turns: 2137, Time: 00:04:23

Health: -2/16      AC:  2    Str:  4    XL:     3   Next: 98%
Magic:  8/8        EV: 18    Int: 16    God:
Gold:   128        SH:  0    Dex: 17    Spells: 3/8 levels left

rFire   . . .      SeeInvis +    a - +1 dagger
rCold   . . .      Faith    .    (no shield)
rNeg    . . .      Spirit   .    o - +0 robe
rPois   .          Reflect  .    (helmet restricted)
rElec   .          Harm     .    (no cloak)
rCorr   .          Rampage  .    (gloves unavailable)
Will    +....                    (boots unavailable)
Stlth   +++.......               (no amulet)
HPRegen 0.22/turn                p - ring of willpower
MPRegen 0.11/turn                (no ring)

@: very quick
A: very small, no large weapons, unfitting armour, see invisible, speed 3
a: no special abilities


You were on level 3 of the Dungeon.
You visited 1 branch of the dungeon, and saw 3 of its levels.

You collected 128 gold pieces.

Inventory:

Hand Weapons
 a - a +1 dagger (weapon)
 k - a +1 whip of venom
Armour
 b - a +0 robe
 i - a +0 robe
 m - a +0 robe
 o - a +0 robe (worn)
Jewellery
 p - a ring of willpower (left hand)
Wands
 q - a wand of quicksilver (10)
Scrolls
 d - a scroll of identify {unknown}
 f - a scroll of enchant weapon {unknown}
 l - 2 scrolls of fear {unknown}
 r - a scroll of fog {unknown}
 s - a scroll of teleportation {unknown}
Potions
 c - 4 potions of invisibility
 e - 2 potions of brilliance {unknown}
 g - 3 potions of flight {unknown}
 h - 2 potions of lignification {unknown}
 j - a potion of ambrosia {unknown}
 n - a potion of might {unknown}


   Skills:
 + Level 0.1 Fighting
 + Level 2.0 Short Blades
 + Level 3.4 Dodging
 + Level 5.1 Stealth
 + Level 3.4 Spellcasting
 + Level 4.1 Hexes


You had 3 spell levels left.
You knew the following spells:

 Your Spells              Type           Power      Damage    Failure   Level
a - Ensorcelled Hibernat  Hex/Ice        18%        N/A       12%         2
b - Confusing Touch       Hex            16%        N/A       10%         3

Your spell library contained the following spells:

 Spells                   Type           Power      Damage    Failure   Level
 Tukima's Dance           Hex            16%        N/A       10%         3
 Dazzling Flash           Conj/Hex       18%        N/A       22%         3


Dungeon Overview and Level Annotations

Branches:
Dungeon (3/15)

Altars:
Dithmenos
Vehumet

Shops:
D:1 (   D:2 *

Annotations:
D:3 1 transporter, wellesgreysong's ghost, amateur DECj


Innate Abilities, Weirdness & Mutations

You are very small and have problems with some larger weapons.
You are too small for most types of armour.
You have supernaturally acute eyesight. (SInv)
You cover ground extremely quickly. (Speed+++)


Message History

The helpless kobold fails to defend itself.
You impale the kobold!!
You kill the kobold!
No target in view!
r - a scroll labelled IPPUYMUGHO You see here a +0 trident of venom.
Found a stone staircase leading down.
s - a scroll labelled TENWU SUMEKLE An endoplasm comes into view.
Found 9 gold pieces.
There is a stone staircase leading down here.
The helpless endoplasm fails to defend itself.
You impale the endoplasm!!
You kill the endoplasm!
No target in view!
You now have 128 gold pieces (gained 9).
Partly explored, unvisited transporter.
Partly explored, unvisited transporter.
There is a transporter here.
What are your orders? t - Shout!
Orders for allies: a - Attack new target. r - Retreat! s - Stop attacking. g - Guard the area. f - Follow me.
Anything else - Cancel.
You shout for attention!
Wellesgreysong's ghost turns its malevolent gaze towards you.
This spell is extremely dangerous to cast!
Memorise Confusing Touch, consuming 3 spell levels and leaving 3?
You start memorising the spell.
You continue memorising. x3
You finish memorising.
Spell assigned to 'b'.
You enter the transporter and appear at another place.
Wellesgreysong's ghost wails, "You will join me soon!"
Wellesgreysong's ghost gestures at you while chanting.
The magic dart hits you!
Ouch! That really hurt!
Wellesgreysong's ghost points at you and mumbles some strange words.
The magic dart hits you!
Ouch! That really hurt!
You die...

#.....#####.####.# ##.##
#... ..#..........# #.# #.#
#### .....[#####..# #.#
#####.# #.##..# #..# #.#
#.....# ......#
###..###.###.######
#.###.###....[............#
#.# #.....................#
#.#######..#############..#
#..# #..#....@.....©#..#
##.# #..#...........#..# #.#
#..#..###.###..#..# #.#
#..#..#8#.#8#..#..#
#.######..#[.....W.W..#..##
##.....##.©#[....©.....#©..#
...........#$..........#...#
.###.#.....#..#8#.#8#..#...#
.###.#.#...#..###.###..#...#


You could see wellesgreysong's ghost.

Vanquished Creatures
  3 gnolls (D:3)
  An adder (D:3)
  A worm (D:3)
  An orc (D:3)
  3 ball pythons
  A bat (D:1)
  2 endoplasms (D:3)
  A giant cockroach (D:1)
  3 goblins
  3 hobgoblins
  3 kobolds
  A frilled lizard (D:1)
  A rat (D:3)
24 creatures vanquished.

Notes
Turn   | Place    | Note
-------+----------+-------------------------------------------
     0 | D:1      | koil the Spriggan Enchanter began the quest for the Orb.
     0 | D:1      | Reached XP level 1. HP: 9/9 MP: 5/5
   246 | D:1      | Reached XP level 2. HP: 6/13 MP: 6/6
   249 | D:1      | Learned a level 2 spell: Ensorcelled Hibernation
   340 | D:1      | Found Soasoe's Antique Weapon Shop.
   494 | D:2      | Found Ciej Bydd's Assorted Antiques.
   559 | D:2      | Found a faded altar of an unknown god.
  1292 | D:3      | Found a transporter.
  1411 | D:3      | Reached XP level 3. HP: 11/16 MP: 5/8
  1418 | D:3      | Reached skill level 5 in Stealth
  1513 | D:3      | Found a shadowy altar of Dithmenos.
  1515 | D:3      | Found a radiant altar of Vehumet.
  1871 | D:3      | Identified the +4 war axe of True Grit {elec, rF- Dex+5}
  1903 | D:3      | Noticed wellesgreysong's ghost (amateur DECj)
  1904 | D:3      | Found a transporter.
  2128 | D:3      | Learned a level 3 spell: Confusing Touch
  2137 | D:3      | Killed from afar by wellesgreysong's ghost

Illustrated notes

Levels and vault maps discovered:
D:1:      minmay_arrival_stair_chambers, layout_rooms, serial_shops,
          nicolae_shop_hallway_plus
D:2:      layout_loops_corners, hellmonk_ecumenical_altar_blasted, serial_shops,
          nicolae_diamond_shop
D:3:      layout_loops_ring, mainiacjoe_overflow_catwalk_spiral,
          gammafunk_ghost_mausoleum, eino_curves_01, kennysheep_minor_cross

Skill      XL: |  1  2  3 |
---------------+----------+-----
Dodging        | 3 |  3.4
Spellcasting   | 3 |  3.4
Hexes          | 4 |  4.1
Stealth        | 5 |  5.1
Short Blades   | 2 |  2.0
Fighting       | |  0.1

Action                   || total
-------------------------++-------
Melee: Dagger            ||    53
 Cast: Ensorcelled Hiber ||     7
 Stab: Sleeping          ||    13
Armor: Robe              ||     3
Dodge: Dodged            ||    39

Table legend: (Time is in decaauts)
 A = Elapsed time spent in this place.
 B = Non-inter-level travel time spent in this place.
 C = Inter-level travel time spent in this place.
 D = Time resting spent in this place.
 E = Time spent auto-exploring this place.
 F = Levels seen in this place.
 G = Mean time per level.
                   A        B        C        D        E       F      G
               +--------+--------+--------+--------+--------+-----+--------+
         Total |   1408 |   1363 |     45 |      7 |   1134 |   3 |  469.3 |
       Dungeon |   1408 |   1363 |     45 |      7 |   1134 |   3 |  469.3 |
               +--------+--------+--------+--------+--------+-----+--------+

Top non-repeatable levels by time:
     D:3: 586 daAuts
     D:2: 493 daAuts
     D:1: 328 daAuts
